 Dungeon Crawl Stone Soup version bcrawl-1.12-11-gb93c957c58 (webtiles) character file.

Game seed: 16849300518289774710

7 MisterOstroum the Chiller (level 1, 0/14 HPs)
             Began as a Demonspawn Ice Elementalist on June 26, 2019.
             Slain by an ooze (4 damage)
             ... on level 1 of the Dungeon.
             The game lasted 00:01:37 (405 turns).

MisterOstroum the Chiller (DsIE)                     Turns: 405, Time: 00:01:38

Health: 0/14       AC:  2    Str:  8    XL:     1   Next: 83%
Magic:  1/3        EV: 12    Int: 16    God:
Gold:   14         SH:  0    Dex: 13    Spells: 3/4 levels left

rFire    . . .     SeeInvis .   d - +0 whip
rCold    . . .     Gourm    .   (no shield)
rNeg     . . .     Faith    .   a - +0 robe
rPois    .         Spirit   .   (no helmet)
rElec    .         Reflect  .   (no cloak)
rCorr    .         Harm     .   (no gloves)
MR       .....                  (no boots)
Stlth    ++........             (no amulet)
HPRegen  0.04/turn              (no ring)
MPRegen  0.08/turn              (no ring)

@: no status effects
A: no striking features
a: no special abilities


You were on level 1 of the Dungeon.
You were not hungry.

You visited 1 branch of the dungeon, and saw 2 of its levels.

You collected 14 gold pieces.

Inventory:

Hand Weapons
 d - a +0 whip (weapon)
Missiles
 f - 3 stones (quivered)
Armour
 a - a +0 robe (worn)
Potions
 b - a potion of curing {unknown}
Comestibles
 e - a ration {!d}


   Skills:
 + Level 0.4 Fighting
 - Level 1.7 Dodging
 - Level 2.0 Stealth
 + Level 2.1 Spellcasting
   Level 1.0 Conjurations
 * Level 2.9 Ice Magic


You had 3 spell levels left.
You knew the following spells:

 Your Spells              Type           Power        Failure   Level  Hunger
a - Freeze                Ice            ##..         6%          1    #......

Your spell library contained the following spells:

 Spells                   Type           Power        Failure   Level  Hunger
 Throw Frost              Conj/Ice       #.....       14%         2    ###....
 Ozocubu's Armour         Chrm/Ice       #.......     32%         3    ###....
 Throw Icicle             Conj/Ice       #.......     65%         4    #####..
 Summon Ice Beast         Ice/Summ       #.......     73%         4    #####..


Dungeon Overview and Level Annotations

Branches:
Dungeon (2/12)

Altars:


Message History

Casting: Freeze (safe; 7% risk of failure)
Confirm with . or Enter, or press ? or * to list all spells.
You don't have enough magic to cast that spell.
You hit the dart slug.
You kill the dart slug!
You hit the frilled lizard but do no damage.
The frilled lizard bites you.
Casting: Freeze (safe; 6% risk of failure)
Confirm with . or Enter, or press ? or * to list all spells.
Aiming: Freeze (safe; 6% risk of failure)
Press: ? - help, Shift-Dir - straight line, f - frilled lizard
Aim: a frilled lizard You freeze the frilled lizard.
You kill the frilled lizard!
Casting: Freeze (safe; 6% risk of failure)
Confirm with . or Enter, or press ? or * to list all spells.
You can't see any susceptible monsters within range! (Use Z to cast anyway.) All of the chunks of flesh in your inventory have rotted away.
Found a stone staircase leading down.
You now have 14 gold pieces (gained 3).
You butcher the dart slug corpse.
c - 2 chunks of flesh An ooze and a kobold come into view.
The kobold shouts!
The kobold throws a stone.
The stone hits you.
The ooze moves out of view.
A kobold is nearby!
A kobold is nearby!
You start resting.
The kobold is too close now for your liking.
The kobold hits you with a +0 whip.
Casting: Freeze (safe; 6% risk of failure)
Confirm with . or Enter, or press ? or * to list all spells.
Aiming: Freeze (safe; 6% risk of failure)
Press: ? - help, Shift-Dir - straight line, f - kobold
Aim: a kobold, wielding a +0 whip You freeze the kobold.
The kobold is severely wounded.
The kobold hits you with a +0 whip.
* * * LOW HITPOINT WARNING * * *
Casting: Freeze (safe; 6% risk of failure)
Confirm with . or Enter, or press ? or * to list all spells.
Aiming: Freeze (safe; 6% risk of failure)
Press: ? - help, Shift-Dir - straight line, f/p - kobold
Aim: a kobold, wielding a +0 whip (severely wounded)
You freeze the kobold.
You kill the kobold!
Casting: Freeze (safe; 6% risk of failure)
Confirm with . or Enter, or press ? or * to list all spells.
You can't see any susceptible monsters within range! (Use Z to cast anyway.)
Casting: Freeze (safe; 6% risk of failure)
Confirm with . or Enter, or press ? or * to list all spells.
You can't see any susceptible monsters within range! (Use Z to cast anyway.)
There isn't anything here!
Casting: Freeze (safe; 6% risk of failure)
Confirm with . or Enter, or press ? or * to list all spells.
You can't see any susceptible monsters within range! (Use Z to cast anyway.) Unknown command.
Casting: Freeze (safe; 6% risk of failure)
Confirm with . or Enter, or press ? or * to list all spells.
You can't see any susceptible monsters within range! (Use Z to cast anyway.)
Things that are here:
a +0 whip; 3 stones; a kobold corpse
d - a +0 whip;
f - 3 stones A goblin comes into view. It is wielding a +0 club.
All of the chunks of flesh in your inventory have rotted away.
The ooze quivers.
There is a stone staircase leading down here.
You climb downwards.
A dart slug comes into view.
Found 24 gold pieces.
Found two stone staircases leading up.
There is a stone staircase leading up here.
You climb upwards.
There is a stone staircase leading down here.
Wield which item (- for none, * to show all)? (? for menu, Esc to quit)
d - a +0 whip (weapon)
Throwing (i - inventory)
f - 3 stones (quivered)
Press: ? - help, Shift-Dir - straight line, f - ooze
Aim: an ooze
Okay, then.
There is a stone staircase leading down here.
Casting: Freeze (safe; 6% risk of failure)
Confirm with . or Enter, or press ? or * to list all spells.
Aiming: Freeze (safe; 6% risk of failure)
Press: ? - help, Shift-Dir - straight line, f - ooze
Aim: an ooze You freeze the ooze.
The ooze is moderately wounded.
The ooze closely misses you.
Casting: Freeze (safe; 6% risk of failure)
Confirm with . or Enter, or press ? or * to list all spells.
Aiming: Freeze (safe; 6% risk of failure)
Press: ? - help, Shift-Dir - straight line, f/p - ooze
Aim: an ooze (moderately wounded)
You freeze the ooze.
The ooze is heavily wounded.
The ooze closely misses you.
You hit the ooze.
The ooze is heavily wounded.
The ooze hits you.
You die...

##### #...#
###.#.############
#>................
#@J...#.###.#.###.
#######+###.#........##.
#........##.#######.....
#........##.............
#.............##..##....
#######†###.............
#.# #J.P#≈#P.....P #.#
#.P##≈##P...P# #.#
#..≈≈≈≈≈..<..≈


You could see an ooze.

Vanquished Creatures
  A dart slug (D:1)
  A giant cockroach (D:1)
  A ball python (D:1)
  A frilled lizard (D:1)
  A kobold (D:1)
  A rat (D:1)
6 creatures vanquished.

Notes
Turn   | Place    | Note
-------+----------+-------------------------------------------
     0 | D:1      | MisterOstroum the Demonspawn Ice Elementalist began the
                  | quest for the Orb.
     0 | D:1      | Reached XP level 1. HP: 13/13 MP: 3/3
   405 | D:1      | Slain by an ooze

Action                   || total
-------------------------++-------
Melee: Unarmed           ||     6
       Whip              ||     1
 Cast: Freeze            ||    12
Armor: Robe              ||     1
Dodge: Dodged            ||    10
